 Dungeon Crawl Stone Soup version 0.21.0-24-g2553a33 (webtiles) character file.

5573 doot the Covert (level 10, 0/70 HPs)
             Began as a Vampire Enchanter on Jan 20, 2018.
             Was a Believer of Nemelex Xobeh.
             Slain by a troll (9 damage)
             ... on level 9 of the Dungeon on Jan 21, 2018.
             The game lasted 00:53:44 (11099 turns).

doot the Covert (Vampire Enchanter)                Turns: 11099, Time: 00:53:45

Health: 0/70       AC:  6    Str:  7    XL:     10   Next: 44%
Magic:  7/19       EV: 13    Int: 20    God:    Nemelex Xobeh [**....]
Gold:   318        SH:  0    Dex: 16    Spells: 9/22 levels left

rFire    . . .     SeeInvis +   a - +2 dagger (venom)
rCold    . . .     Gourm    .   (no shield)
rNeg     + . .     Faith    .   V - +0 troll leather armour
rPois    +         Spirit   .   A - +0 helmet
rElec    .         Reflect  .   (no cloak)
rCorr    .         Harm     .   C - +0 pair of gloves
MR       ++...                  (no boots)
Stlth    +++++.....             (no amulet)
HPRegen  0.61/turn              Q - ring of poison resistance
MPRegen  0.16/turn              t - ring of protection from magic

@: lethally poisoned (0 -> 0)
A: fangs 3, see invisible, unbreathing
a: Bat Form, Renounce Religion


You were on level 9 of the Dungeon.
You worshipped Nemelex Xobeh.
Nemelex Xobeh was pleased with you.
You were not thirsty.

You visited 2 branches of the dungeon, and saw 10 of its levels.
You also visited: Sewer.

You collected 318 gold pieces.

Inventory:

Hand Weapons
 a - a +2 dagger of venom (weapon)
 b - a +4 great sword
 I - a +1 vampiric spear
 K - a +4 falchion
Missiles
 g - 7 needles of paralysis
 q - 4 needles of confusion
 r - 39 poisoned needles
 M - a throwing net (quivered)
Armour
 A - a +0 helmet (worn)
 C - a +0 pair of gloves (worn)
 L - a +0 robe of magic resistance
 O - a +0 leather armour
 V - a +0 troll leather armour (worn)
Jewellery
 t - a ring of protection from magic (right hand)
 H - an uncursed ring of fire
 Q - a ring of poison resistance (left hand)
 U - an uncursed ring of flight
Wands
 x - a wand of flame (37)
 P - a wand of acid (4)
Scrolls
 e - 7 scrolls of identify
 h - 4 scrolls of blinking {unknown}
 k - 4 scrolls of remove curse
 m - 3 scrolls of fear {unknown}
 n - 3 scrolls of fog
 p - a scroll of enchant armour {unknown}
 u - a scroll of enchant weapon {unknown}
 z - a scroll of immolation {unknown}
 E - 4 scrolls of teleportation {unknown}
 F - a scroll of amnesia {unknown}
 N - a scroll of acquirement {unknown}
Potions
 d - 9 potions of blood
 j - a potion of resistance
 o - 3 potions of haste {unknown}
 s - a potion of flight {unknown}
 v - a potion of invisibility {unknown}
 w - a potion of agility
 B - a potion of ambrosia {unknown}
 G - 3 potions of lignification {unknown}
 S - a potion of magic {unknown}
Books
 c - a book of Maledictions

   Spells                             Type                      Level
   a - Corona                         Hexes                        1
   b - Ensorcelled Hibernation        Hexes/Ice                    2
   c - Confuse                        Hexes                        3
   d - Tukima's Dance                 Hexes                        3
   e - Dazzling Spray                 Conjuration/Hexes            3
 D - a book of Misfortune

   Spells                             Type                      Level
   a - Confusing Touch                Hexes                        1
   b - Confuse                        Hexes                        3
   c - Gell's Gravitas                Translocation                3
   d - Petrify                        Transmutation/Earth          4
   e - Metabolic Englaciation         Hexes/Ice                    5
   f - Yara's Violent Unravelling     Hexes/Transmutation          5
 R - a book of Callings

   Spells                             Type                      Level
   a - Summon Small Mammal            Summoning                    1
   b - Call Imp                       Summoning                    2
   c - Call Canine Familiar           Summoning                    3
   d - Summon Guardian Golem          Hexes/Summoning              3
   e - Summon Lightning Spire         Summoning/Air                4
   f - Summon Ice Beast               Ice/Summoning                4
Miscellaneous
 i - a legendary deck of escape
 y - a plain deck of escape


   Skills:
 + Level 3.3 Fighting
 + Level 4.3(5.7) Short Blades
 + Level 5.2(5.9) Long Blades
 + Level 1.7 Armour
 + Level 4.0 Dodging
 + Level 13.0 Stealth
 + Level 0.1 Unarmed Combat
 + Level 6.5 Spellcasting
 + Level 9.7 Hexes
 + Level 0.3 Summonings
 + Level 4.0 Ice Magic


You had 9 spell levels left.
You knew the following spells:

 Your Spells              Type           Power        Failure   Level  Hunger
a - Corona                Hex            #####..      1%          1    None
b - Ensorcelled Hibernat  Hex/Ice        ####..       1%          2    None
c - Confuse               Hex            #####...     1%          3    #......
d - Tukima's Dance        Hex            #####...     1%          3    #......
e - Summon Ice Beast      Ice/Summ       ###.....     52%         4    ###....


Dungeon Overview and Level Annotations

Branches:
Dungeon (9/15)             Temple (1/1) D:4
   Lair: D:8-11         Orc: D:9-12

Altars:
Ashenzari
Cheibriados
Dithmenos
Fedhas
Gozag
Hepliaklqana
Kikubaaqudgha
Makhleb
Nemelex Xobeh
Okawaru
Qazlal
Ru
Sif Muna
Trog
Uskayaw
Vehumet
Wu Jian
Xom
Yredelemnul

Shops:
D:4 %   D:7 *


Innate Abilities, Weirdness & Mutations

You have razor-sharp teeth.
You have supernaturally acute eyesight. (SInv)
You can survive without breathing.


Message History

You closely miss the killer bee. Your bite misses the killer bee.
The killer bee is almost dead.
The killer bee stings you but does no damage. x2
Casting: Confuse
Confirm with . or Enter, or press ? or * to list all spells.
Aiming: Confuse
Press: ? - help, Shift-Dir - straight line, f - killer bee
Aim: a killer bee (almost dead, poisoned, chance to defeat MR: 77%)
The killer bee appears confused.
You kill the killer bee!
Casting: Confuse
Confirm with . or Enter, or press ? or * to list all spells.
Aiming: Ensorcelled Hibernation
Press: ? - help, Shift-Dir - straight line, f - troll
Aim: a troll (chance to defeat MR: 62%)
The troll resists with significant effort.
The troll misses you. The troll claws you but does no damage.
The troll claws you!
You die...
Your body disappears without a glow.

≈.;# #........ ≈.≈### ####
#####.... ≈.≈.. ..# #.... ..≈.#
#.### ##### ≈≈;.#####.#≈##
.......†....≈## ####
≈≈#.#.###≈≈..≈# ##### #...
≈##.#.###≈≈≈.≈########...#####...
. .......(...).T@...))...))..'...
)..#.#...Z..####.####)..#####...
....#.#.....(.# #.# #...# #...
....#.#.......# #.# ##### ####
....#.#.......# #.# #........ #.#
########.##.# ..... .##.#


You could see a troll and a centaur zombie.

Vanquished Creatures
  Pikel (D:6)
  A troll (D:9)
  Prince Ribbit (D:6)
  2 hippogriffs
  Grinder (D:6)
  Sigmund (D:6)
  3 hungry ghosts
  Menkaure (D:7)
  2 ice beasts (D:5)
  2 phantoms
  9 ogres
  2 centaurs
  7 big kobolds
  2 wyvern zombies
  3 bullfrogs
  5 killer bees (D:9)
  2 wights (D:7)
  A centaur zombie (D:9)
  A centaur skeleton (D:6)
  3 orc priests
  2 bullfrog skeletons
  5 hounds
  A gnoll shaman (D:9)
  4 iguanas
  2 orc wizards
  5 worker ants
  A hound zombie (D:3)
  A hound skeleton (D:8)
  A worker ant zombie (D:5)
  A howler monkey zombie (D:5)
  5 gnolls
  9 adders
  A howler monkey skeleton (D:8)
  3 river rats (Sewer)
  2 shadow imps
  An ooze (D:1)
  An adder zombie (D:8)
  2 adder skeletons
  9 worms
  2 dart slugs
  4 leopard geckos
  17 orcs
  5 ball pythons
  11 bats
  6 giant cockroaches
  6 hobgoblins
  14 jackals
  21 kobolds
  3 quokkas
  4 frilled lizards
  6 goblins
  A jackal skeleton (D:5)
  A quokka skeleton (D:8)
  11 rats
218 creatures vanquished.

Vanquished Creatures (collateral kills)
  A sky beast (D:8)
  An ogre (D:8)
  A big kobold (D:9)
  2 wights (D:7)
  A leopard gecko (D:8)
  A kobold (D:9)
7 creatures vanquished.

Grand Total: 225 creatures vanquished

Notes
Turn   | Place    | Note
-------+----------+-------------------------------------------
     0 | D:1      | doot the Vampire Enchanter began the quest for the Orb.
     0 | D:1      | Reached XP level 1. HP: 13/13 MP: 3/3
   362 | D:1      | Reached XP level 2. HP: 19/19 MP: 5/5
   473 | D:1      | Reached skill level 5 in Hexes
   477 | D:1      | Learned a level 2 spell: Ensorcelled Hibernation
   968 | D:1      | Reached XP level 3. HP: 21/24 MP: 0/6
  1446 | D:2      | Reached skill level 5 in Stealth
  1769 | D:2      | HP: 1/24 [poisoned by an adder]
  2001 | D:2      | You fall through a shaft for 2 floors!
  2060 | D:3      | Reached skill level 1 in Ice Magic
  2060 | D:3      | Reached XP level 4. HP: 30/30 MP: 7/7
  2320 | D:3      | Found a glowing drain.
  2335 | Sewer    | Entered a sewer
  2374 | Sewer    | Learned a level 3 spell: Confuse
  2440 | Sewer    | Noticed a big kobold
  3105 | Sewer    | Killed a big kobold
  3105 | Sewer    | Reached skill level 6 in Stealth
  3105 | Sewer    | Reached XP level 5. HP: 36/36 MP: 1/9
  3218 | Sewer    | Reached XP level 6. HP: 33/42 MP: 4/10
  3874 | Sewer    | Reached skill level 1 in Fighting
  3964 | Sewer    | Reached skill level 7 in Stealth
  4076 | Sewer    | Reached XP level 7. HP: 48/48 MP: 9/12
  5344 | D:4      | Reached skill level 8 in Stealth
  5599 | D:4      | Found Sixesk's Food Boutique.
  5719 | D:4      | Noticed Pikel
  5824 | D:4      | Found a staircase to the Ecumenical Temple.
  5829 | Temple   | Entered the Ecumenical Temple
  5959 | Temple   | Became a worshipper of Nemelex Xobeh the Trickster
  5989 | D:5      | Entered Level 5 of the Dungeon
  6013 | D:5      | Reached skill level 1 in Long Blades
  6013 | D:5      | Reached XP level 8. HP: 56/56 MP: 14/14
  6027 | D:5      | Found a stormy altar of Qazlal.
  6043 | D:5      | Received a gift from Nemelex Xobeh
  6130 | D:5      | Reached skill level 9 in Stealth
  6799 | D:5      | Reached skill level 10 in Stealth
  6926 | D:5      | Reached skill level 1 in Armour
  7217 | D:6      | Reached * piety under Nemelex Xobeh
  7217 | D:6      | Found an ancient bone altar of Kikubaaqudgha.
  7380 | D:6      | Received a gift from Nemelex Xobeh
  7447 | D:6      | Noticed Sigmund
  7470 | D:6      | Killed Sigmund
  7470 | D:6      | Reached skill level 5 in Spellcasting
  7470 | D:6      | Reached XP level 9. HP: 61/61 MP: 11/16
  7685 | D:6      | Noticed Grinder
  7688 | D:6      | Killed Grinder
  7688 | D:6      | Reached skill level 11 in Stealth
  7741 | D:6      | Learned a level 3 spell: Tukima's Dance
  7776 | D:6      | Killed Pikel
  7883 | D:6      | Noticed Prince Ribbit
  7902 | D:6      | Killed Prince Ribbit
  8136 | D:7      | Noticed Menkaure
  8614 | D:7      | Killed Menkaure
  8827 | D:7      | Reached skill level 12 in Stealth
  9303 | D:7      | Found Xefuwaat's Elemental Accessories.
  9303 | D:7      | Reached ** piety under Nemelex Xobeh
  9643 | D:8      | Reached XP level 10. HP: 68/68 MP: 10/19
  9980 | D:8      | Found a bloodstained altar of Trog.
  9981 | D:8      | Found a sacrificial altar of Ru.
 10004 | D:8      | Learned a level 4 spell: Summon Ice Beast
 10029 | D:8      | Found a hide-covered altar of Uskayaw.
 10486 | D:8      | Found a burning altar of Makhleb.
 10903 | D:9      | Reached skill level 5 in Long Blades
 10959 | D:9      | Reached skill level 13 in Stealth
 11099 | D:9      | Slain by a troll

Skill      XL: |  1  2  3  4  5  6  7  8  9 10 |
---------------+-------------------------------+-----
Hexes          | 5 6 7 8 9 |  9.7
Stealth        | 5 6 7 8 10 12 13 | 13.0
Ice Magic      | 1 2 3 4 |  4.0
Short Blades   | 2 3 4 |  4.3
Spellcasting   | 3 4 5 6 |  6.5
Fighting       | 1 2 3 |  3.3
Dodging        | 3 4 |  4.0
Long Blades    | 1 3 4 5 |  5.2
Armour         | 1 |  1.7
Unarmed Combat | |  0.1
Summonings     | |  0.3

Action                   |  1- 3 |  4- 6 |  7- 9 | 10-12 || total
-------------------------+-------+-------+-------+-------++-------
Melee: Dagger            |   126 |    99 |   138 |    60 ||   423
       Bite              |     7 |     7 |    29 |    11 ||    54
       Unarmed           |       |     2 |       |       ||     2
       Long sword        |       |       |    33 |       ||    33
       Falchion          |       |       |    65 |       ||    65
       Great sword       |       |       |    36 |    72 ||   108
 Cast: Corona            |     3 |     7 |     2 |       ||    12
       Ensorcelled Hiber |    25 |    36 |    52 |    12 ||   125
       Confuse           |       |     4 |    40 |     5 ||    49
       Tukima's Dance    |       |       |     8 |     1 ||     9
       Summon Ice Beast  |       |       |       |     3 ||     3
 Abil: End Transformatio |     1 |     5 |     4 |       ||    10
       Bat Form          |     1 |     5 |     4 |       ||    10
  Use: Potion            |     6 |     9 |    18 |     8 ||    41
       Scroll            |       |       |     4 |     1 ||     5
 Stab: Sleeping          |    22 |    27 |    53 |    14 ||   116
       Distracted        |       |     1 |       |       ||     1
       Confused          |       |       |    23 |       ||    23
Armor: Robe              |    29 |    18 |    15 |    13 ||    75
       Leather armour    |       |       |    37 |       ||    37
       Troll leather arm |       |       |       |    17 ||    17
Dodge: Dodged            |   104 |    95 |   150 |   103 ||   452
       Rpst.: Long sword |       |       |    10 |       ||    10
       Falchion          |       |       |     6 |       ||     6
       Great sword       |       |       |     4 |    18 ||    22
